 Dungeon Crawl Stone Soup version 0.22.1-5-g62c59d919a (webtiles) character file.

276 Peloso the Shield-Bearer (level 6, 0/78 (79) HPs)
             Began as a Minotaur Fighter on Jan 15, 2019.
             Succumbed to an adder's poison
             ... on level 4 of the Dungeon.
             The game lasted 00:04:23 (2048 turns).

Peloso the Shield-Bearer (Minotaur Fighter)         Turns: 2048, Time: 00:04:24

HP:   0/78 (79)     AC: 23    Str: 26    XL:     6   Next: 4%
MP:   5/5           EV:  2    Int:  5    God:
Gold: 181           SH: 11    Dex: 11    Spells: 5/5 levels left

rFire    . . .     SeeInvis .   a - +0 long sword
rCold    . . .     Gourm    .   c - +1 shield
rNeg     + + +     Faith    .   (armour currently unavailable)
rPois    +         Spirit   .   (helmet currently unavailable)
rElec    .         Reflect  .   (cloak currently unavailable)
rCorr    .         Harm     .   (gloves currently unavailable)
MR       .....     NoTele   +   (boots currently unavailable)
Stlth    +.........             (no amulet)
HPRegen  0.00/turn              (no ring)
MPRegen  0.09/turn              (no ring)

@: mighty, lethally poisoned (0 -> -5), tree-form, berserk cooldown,
non-regenerating, diseased, slowed, very slow
A: (retaliatory headbutt)
a: no special abilities


You were on level 4 of the Dungeon.
You were hungry.
You were a tree.
You visited 1 branch of the dungeon, and saw 4 of its levels.

You collected 181 gold pieces.

Inventory:

Hand Weapons
 a - a +0 long sword (weapon)
Armour
 b - a +0 scale mail
 c - a +1 shield (worn)
 q - a +0 chain mail (melded)
Jewellery
 m - an uncursed amulet of rage
 s - an uncursed ring of fire {unknown}
Scrolls
 e - a scroll of blinking
 h - a scroll of amnesia
 o - a scroll of fog {unknown}
 p - a scroll of enchant weapon {unknown}
 r - 5 scrolls of identify {unknown}
 u - a scroll of remove curse {unknown}
Potions
 g - a potion of magic
Comestibles
 f - 4 rations
 v - 3 chunks of flesh


   Skills:
 + Level 4.4 Fighting
 + Level 4.6 Long Blades
 + Level 5.2 Armour
 + Level 1.1 Dodging
 + Level 5.2 Shields


You had 5 spell levels left.
You didn't know any spells.
Your spell library was empty.

Dungeon Overview and Level Annotations

Branches:
Dungeon (4/15)
 Temple: D:4-7

Altars:
Fedhas
Nemelex Xobeh

Annotations:
D:4 Duvessa


Innate Abilities, Weirdness & Mutations

((You reflexively headbutt those who attack you in melee.))
((You have a pair of horns on your head.))


Message History

You feel yourself moving faster!
You feel mighty!
* * * LOW HITPOINT WARNING * * *
You feel sick.
Duvessa, Sister of Dowan comes into view.
She is wielding a short sword.
You are too berserk!
You are too berserk!
You feel a strong urge to attack something.
You see here an adder corpse.
You feel your anger nearly subside.
You are no longer berserk.
You are exhausted.
You feel yourself slow down.
* * * LOW HITPOINT WARNING * * *
You feel sick.
It was a potion of lignification.
You turn into a tree.
Your +0 chain mail melds into your body.
Your roots penetrate the ground.
You hear the slow hiss of a distant avalanche of sand.
Your magic is already full.
You cannot move.
You die...

,,,,.........###.............#*
,,,,..........................#
,,,,.............#............#*
,,,,.............#.............#
,,,,.............##............#*
*,,,.............###............,
*,,,..............###........###,
*,,,..............# ###...###* **
**,,.........#..♣.# ***********
*,,....(...###...## *,,,,,,,
***######### #.†..# *,,****+
#....# *,*8,,*, #....#* *,*,,,,*
##....# *,*,,,*, #....# *,**,*,*
#....#* *,+,*,*, #.....* *,*,,,,*


There were no monsters in sight!

Vanquished Creatures
  A necrophage (D:4)
  A bullfrog skeleton (D:4)
  Robin (D:4)
  7 adders
  An ooze (D:1)
  An adder skeleton (D:2)
  4 worms
  A dart slug (D:2)
  3 leopard geckos
  3 giant cockroaches
  15 goblins
  9 hobgoblins
  2 ball pythons
  4 bats
  3 frilled lizards
  8 kobolds
  9 rats
73 creatures vanquished.

Notes
Turn   | Place    | Note
-------+----------+-------------------------------------------
     0 | D:1      | Peloso the Minotaur Fighter began the quest for the Orb.
     0 | D:1      | Reached XP level 1. HP: 19/19 MP: 0/0
   151 | D:1      | Reached XP level 2. HP: 27/27 MP: 1/1
   567 | D:1      | Reached XP level 3. HP: 12/33 MP: 2/2
  1092 | D:2      | Reached XP level 4. HP: 40/40 MP: 3/3
  1138 | D:2      | Found a sparkling altar of Nemelex Xobeh.
  1404 | D:3      | Found a blossoming altar of Fedhas.
  1958 | D:4      | Noticed Robin
  1981 | D:4      | Reached XP level 5. HP: 38/46 MP: 4/4
  2002 | D:4      | Killed Robin
  2002 | D:4      | Reached skill level 5 in Shields
  2027 | D:4      | Noticed a necrophage
  2041 | D:4      | Killed a necrophage
  2041 | D:4      | Reached skill level 5 in Armour
  2041 | D:4      | Reached skill level 1 in Dodging
  2041 | D:4      | Reached XP level 6. HP: 4/52 MP: 5/5
  2043 | D:4      | HP: 3/78 [poisoned by an adder]
  2043 | D:4      | Noticed Duvessa
  2046 | D:4      | HP: 1/52 [poisoned by an adder]
  2048 | D:4      | Succumbed to an adder's poison

Skill      XL: |  1  2  3  4  5 |
---------------+----------------+-----
Shields        | 4 5 |  5.2
Armour         | 4 5 |  5.2
Fighting       | 4 |  4.4
Long Blades    | 3 4 |  4.6
Dodging        | 1 |  1.1

Action                   |  1- 3 |  4- 6 || total
-------------------------+-------+-------++-------
Melee: Long sword        |    69 |    84 ||   153
       Headbutt          |    14 |    16 ||    30
  Use: Scroll            |       |     6 ||     6
       Potion            |       |     4 ||     4
  Eat: Chunk             |       |     3 ||     3
Armor: Scale mail        |    38 |       ||    38
       Chain mail        |       |    33 ||    33
Dodge: Dodged            |    24 |    25 ||    49
Block: Shield            |    39 |    45 ||    84
       Rpst.: Long sword |     5 |    11 ||    16
